 Dungeon Sprint DCSS version 0.16.1-17-g773cdaf (webtiles) character file.

400 lorenzova the Spear-Bearer (level 6, 0/87 HPs)
             Began as a Merfolk Gladiator on Apr 23, 2015.
             Slain by Sonja
             ... wielding a +0 short sword of venom
              (3 damage)
             ... in the Dungeon (Sprint I: "Red Sonja").
             The game lasted 00:02:35 (727 turns).

lorenzova the Spear-Bearer (Merfolk Gladiator)       Turns: 727, Time: 00:02:35

Health: 0/87       AC:  4    Str: 22    XL:     6   Next: 84%
Magic:  6/6        EV: 19    Int:  7    God:
Gold:   314        SH:  0    Dex: 15    Spells: 0 memorised, 5 levels left

rFire  . . .     SeeInvis .     a - +0 trident
rCold  . . .     Clarity  .     b - +0 leather armour
rNeg   . . .     SustAb   .     (no shield)
rPois  .         Gourm    .     c - +0 helmet
rElec  .         Spirit   .     (no cloak)
rCorr  .         Warding  .     (no gloves)
rMut   .         NoTele   +     (no boots)
MR     .....                    (no amulet)
Stlth  ..........               (no ring)
                                (no ring)

@: berserking, lethally poisoned (0 -> -27), short of breath, slowed, not
resistant to hostile enchantments, extremely unstealthy
A: change form in water, swift swim
a: no special abilities


You were in the Dungeon.
You were not hungry.

You visited 1 branch You collected 314 gold pieces.

Inventory:

Hand weapons
 a - a +0 trident (weapon)
Missiles
 d - a throwing net (quivered)
Armour
 b - a +0 leather armour (worn)
 c - a +0 helmet (worn)
Scrolls
 k - a scroll of blinking
Potions
 h - a potion of haste
 i - 2 potions of magic
 l - a potion of flight
Comestibles
 f - a bread ration


   Skills:
 + Level 9.3 Fighting
 + Level 12.0 Polearms
 - Level 2.0 Throwing
 + Level 11.2 Dodging


You had 5 spell levels left.
You didn't know any spells.

Dungeon Overview and Level Annotations

Branches:
Dungeon (1/1)

Altars:
Cheibriados
Dithmenos
Fedhas
Sif Muna
Vehumet
Jiyva

Annotations:
D Sonja


Message History

The curare-tipped needle barely misses you.
Drink which item? (? for menu, Esc to quit)
A red film seems to cover your vision as you go berserk!
You feel yourself moving faster!
You feel mighty!
You feel sick.
Sonja shoots a curare-tipped needle.
The curare-tipped needle hits you.
You are more poisoned.
You have difficulty breathing.
* * * LOW HITPOINT WARNING * * *
You feel as though you will be slow longer.
You feel a strong urge to attack something.
* * * LOW HITPOINT WARNING * * *
You feel sick.
Sonja unwields an uncursed blowgun.
Sonja wields an uncursed short sword of venom.
It begins to drip with poison!
Sonja hits you with an uncursed short sword of venom!
* * * LOW HITPOINT WARNING * * *
You are more poisoned.
Sonja misses you.
Sonja hits you with an uncursed short sword of venom.
You die...

###################
#<.#..)..#..'.K#__#
#..)..#..').#..'..+
#..#####'#####'#__#
#..# #..#.(.#.####
#..# ####.(##.#
#..# ##@#..+ #⌠⌠#
+K(._# #### #_(#+#
##(# #(# $.$ #$.$#
##.## #+#


You could see Sonja.

Vanquished Creatures
  A slime creature (D)
  An ogre (D)
  Sigmund (D)
  A jelly (D)
  Ijyb (D)
5 creatures vanquished.

Vanquished Creatures (others)
  A gargoyle (D)
1 creature vanquished.

Grand Total: 6 creatures vanquished

Notes
Turn   | Place    | Note
--------------------------------------------------------------
     0 | D        | lorenzova, the Merfolk Gladiator, began the quest for the Orb.
     0 | D        | Reached XP level 1. HP: 16/16 MP: 1/1
     1 | D        | Noticed Ijyb
    20 | D        | Killed Ijyb
    20 | D        | Reached skill level 6 in Polearms
    20 | D        | Reached skill level 5 in Dodging
    20 | D        | Reached XP level 2. HP: 17/25 MP: 2/2
   117 | D        | Noticed an ogre
   126 | D        | Killed an ogre
   126 | D        | Reached skill level 8 in Polearms
   126 | D        | Reached XP level 3. HP: 30/35 MP: 3/3
   126 | D        | Reached XP level 4. HP: 35/41 MP: 4/4
   126 | D        | Reached XP level 5. HP: 40/47 MP: 5/5
   182 | D        | Noticed Sigmund
   192 | D        | Killed Sigmund
   192 | D        | Reached skill level 10 in Polearms
   197 | D        | Killed a gargoyle
   258 | D        | Found a snail-covered altar of Cheibriados.
   258 | D        | Found a viscous altar of Jiyva.
   258 | D        | Found a shadowy altar of Dithmenos.
   258 | D        | Found a blossoming altar of Fedhas.
   258 | D        | Noticed a slime creature
   271 | D        | Killed a slime creature
   271 | D        | Reached skill level 11 in Polearms
   271 | D        | Reached XP level 6. HP: 6/58 MP: 6/6
   551 | D        | Found a deep blue altar of Sif Muna.
   551 | D        | Noticed a jelly
   553 | D        | Found a radiant altar of Vehumet.
   561 | D        | Killed a jelly
   561 | D        | Reached skill level 12 in Polearms
   693 | D        | Noticed Sonja
   727 | D        | HP: 3/87 [Sonja/uncursed short sword of venom (7)]
   727 | D        | Slain by Sonja

Action                   |  1- 3 |  4- 6 || total
-------------------------+-------+-------++-------
Melee: Trident           |    27 |    48 ||    75
Throw: Throwing net      |     1 |     2 ||     3
  Use: Potion            |       |     3 ||     3
       Scroll            |       |     1 ||     1
 Stab: Held in net/web   |     1 |       ||     1
